General information
			
			
        
        - name: BNet
 
        - type: Ladder 1vs1/FFA
 
        - host: Battle.net
 
        - saver: lichs_are_bichs
 
        
map: TidewaterGlades 
        - players: 2
 
        - length: 09:04
 
        - speed: Fast
 - version: 1.22 W3XP
 - replay type:  Public
 
» download(24 KB)
Players
        team 1 (loser) 
              
              
» 
ToW3RtrOubLe911 (
pink | 30 APM | 271 actions | 09:02)
              
 1 Death Knight 
 1 Death Coil
 
                » actions 
                
                | Assign group hotkey | 7 |  | 
| Build / train | 27 |  | 
| Enter build submenu | 10 |  | 
| Enter hero's abilities submenu | 1 |  | 
| Right click | 101 |  | 
| Select / deselect | 88 |  | 
| Select group hotkey | 24 |  | 
| Use ability | 13 |  | 
                271 total
 » units 
                
                | Acolyte | 13 |  | 
| Ghoul | 4 |  | 
| Crypt Fiend | 6 |  | 
                23 total
 » buildings
                
                | Altar of Darkness | 1 |  | 
| Ziggurat | 5 |  | 
| Crypt | 1 |  | 
| Graveyard | 1 |  | 
| Nerubian Tower | 1 |  | 
| Halls of the Dead | 1 |  | 
| Tomb of Relics | 1 |  | 
                11 total
 » build order
                00:13 Altar of Darkness
00:19 Ziggurat
00:48 Crypt
01:05 Graveyard
01:37 Nerubian Tower
02:09 Ziggurat
03:05 Ziggurat
03:58 Halls of the Dead
04:16 Tomb of Relics
05:05 Ziggurat
05:08 Ziggurat
 
               team 2 (winner) 
              
              
lichs_are_bichs (
yellow | 59 APM | 539 actions | 09:04)
              
 3 Paladin 
 2 Holy Light
 1 Divine Shield
 
                » actions 
                
                | Assign group hotkey | 16 |  | 
| Basic commands | 12 |  | 
| Build / train | 45 |  | 
| ESC pressed | 1 |  | 
| Enter build submenu | 16 |  | 
| Enter hero's abilities submenu | 3 |  | 
| Give item / drop item | 2 |  | 
| Right click | 157 |  | 
| Select / deselect | 90 |  | 
| Select group hotkey | 125 |  | 
| Use ability | 72 |  | 
                539 total
 » units 
                » upgrades
                » buildings
                
                | Altar of Kings | 1 |  | 
| Farm | 3 |  | 
| Lumber Mill | 1 |  | 
| Scout Tower | 9 |  | 
| Arcane Tower | 1 |  | 
| Guard Tower | 7 |  | 
| Arcane Vault | 1 |  | 
| Keep | 1 |  | 
| Castle | 1 |  | 
                25 total
 » build order
                00:08 Altar of Kings
00:12 Farm
00:19 Lumber Mill
00:45 Scout Tower
00:51 Scout Tower
01:11 Farm
01:33 Arcane Tower
01:53 Guard Tower
01:58 Scout Tower
02:14 Scout Tower
02:29 Guard Tower
03:01 Guard Tower
03:06 Farm
03:26 Scout Tower
04:10 Guard Tower
04:20 Arcane Vault
04:57 Keep
07:22 Scout Tower
07:23 Scout Tower
07:25 Scout Tower
07:26 Scout Tower
07:50 Guard Tower
07:54 Castle
07:56 Guard Tower
08:06 Guard Tower
» items
                
                | Boots of Speed | 1 |  | 
| Staff of Teleportation | 1 |  | 
| Scroll of Regeneration | 1 |  | 
| Lesser Clarity Potion | 1 |  | 
| Ivory Tower | 4 |  | 
| Potion of Mana | 1 |  | 
| Potion of Healing | 1 |  | 
| Mechanical Critter | 1 |  | 
                11 total
  
                Chat log
          (00:24 / All) lichs_are_bichs: these lichs aint runnin
(00:27 / All) lichs_are_bichs: shit but hey mouth
(00:37 / All) lichs_are_bichs: firs t lich to talk shit first one gettin knocckwd out
(01:09 / All) ToW3RtrOubLe911: how old r u?
(01:14 / All) lichs_are_bichs: :s
(01:22 / All) lichs_are_bichs: WELL NOW ID RATHER NOT SAY
(01:49 / All) ToW3RtrOubLe911: why cuz ur a lil fagget
(01:51 / All) ToW3RtrOubLe911: haha
(02:03 / All) lichs_are_bichs: MY GRIEF IS INFINITE